 Dungeon Crawl Stone Soup version 0.23-a0-681-g26ad783 (webtiles) character file.

36555 Amnesiac the Spear-Bearer (level 13, -1/93 HPs)
             Began as an Octopode Fighter on Jan 10, 2019.
             Was an Initiate of Gozag.
             Killed from afar by an orc wizard (6 damage)
             ... with a magic dart
             ... summoned by an orange crystal statue
             ... on level 2 of the Orcish Mines.
             The game lasted 00:35:59 (20564 turns).

Amnesiac the Spear-Bearer (Octopode Fighter)       Turns: 20564, Time: 00:36:00

Health: -1/93      AC:  3    Str: 16      XL:     13   Next: 91%
Magic:  2/16       EV: 20    Int:  8 (10) God:    Gozag
Gold:   4009       SH: 14    Dex: 16      Spells: 4/12 levels left

rFire    . . .     SeeInvis .   a - +3 trident (venom)
rCold    + . .     Gourm    .   A - +2 shield {rC+}
rNeg     . . .     Faith    .   m - +2 hat
rPois    .         Spirit   .   (no amulet)
rElec    .         Reflect  .   (no ring)
rCorr    .         Harm     .   (no ring)
MR       .....                  (no ring)
Stlth    ++........             (no ring)
HPRegen  0.25/turn              (no ring)
MPRegen  0.15/turn              (no ring)
                                (no ring)
                                (no ring)

@: hasted (expiring), drained, very quick
A: almost no armour, stealthy swim, amphibious, 8 rings, constrict 8, camouflage
1, gelatinous body 1
a: Potion Petition, Call Merchant, Bribe Branch, Renounce Religion


You were on level 2 of the Orcish Mines.
You worshipped Gozag.
Gozag was most pleased with you.
You were not hungry.

You visited 3 branches of the dungeon, and saw 14 of its levels.
You also visited: Ossuary and Ice Cave.

You collected 4451 gold pieces.
You spent 280 gold pieces at shops.
You paid 162 gold pieces to Gozag.

Inventory:

Hand Weapons
 a - a +3 trident of venom (weapon)
 G - the +1 dagger of Trauma (quivered) {flame, rC+ Str+3, unknown}
   (You found it on level 7 of the Dungeon)

   It has been specially enchanted to burn those struck by it, causing extra
   injury to most foes and up to half again as much damage against particularly
   susceptible opponents.
   It affects your strength (+3).
   It protects you from cold.
Armour
 m - a +2 hat (worn)
 A - a +2 shield of cold resistance (worn)
Magical Staves
 i - an uncursed staff of wizardry
Wands
 f - a wand of scattershot (16)
 y - a wand of iceblast (17)
 z - a wand of paralysis (3)
 D - a wand of acid (5)
 J - a wand of flame (15)
Scrolls
 h - 4 scrolls of enchant armour {!r}
 k - 7 scrolls of remove curse {!r}
 l - 11 scrolls of teleportation {!r}
 n - 3 scrolls of enchant weapon {!r}
 q - 3 scrolls of fear {!r}
 r - 3 scrolls of amnesia {!r}
 w - 2 scrolls of fog {!r}
 F - a scroll of brand weapon {!r}
 K - a scroll of vulnerability {!r}
 M - a scroll of magic mapping {!r}
Potions
 c - 6 potions of might {!q}
 g - 3 potions of brilliance {!q}
 j - 4 potions of curing {!q}
 p - a potion of cancellation {!q}
 s - 3 potions of haste {!q}
 u - 4 potions of mutation {!q}
 v - 2 potions of magic {!q}
 x - a potion of berserk rage {!q}
 B - 6 potions of flight {!q}
 E - a potion of agility {!q}
Miscellaneous
 I - a phial of floods
 L - a lamp of fire
Comestibles
 d - 18 rations


   Skills:
 - Level 10.6(10.4) Fighting
 + Level 4.7(4.5) Short Blades
 - Level 14.0(13.7) Polearms
 - Level 10.6(10.4) Dodging
 - Level 10.7(10.4) Shields
 - Level 5.0(4.8) Evocations


You had 4 spell levels left.
You knew the following spells:

 Your Spells              Type           Power        Failure   Level  Hunger
e - Mephitic Cloud        Conj/Pois/Air  #.......     93%         3    ####...
s - Conjure Flame         Conj/Fire      #.......     93%         3    ####...
v - Blink                 Tloc           N/A          75%         2    ###....

Your spell library contained the following spells:

 Spells                   Type           Power        Failure   Level  Hunger
 Magic Dart               Conj           #...         61%         1    ##.....
 Call Imp                 Summ           #.......     75%         2    ###....
 Slow                     Hex            #.......     75%         2    ###....


Dungeon Overview and Level Annotations

Branches:
Dungeon (11/15)            Temple (1/1) D:6            Lair (0/6) D:8
    Orc (2/2) D:10            Elf (0/3) Orc:2

Altars:
Ashenzari
Cheibriados
Dithmenos
Elyvilon
Fedhas
Gozag
Hepliaklqana
Kikubaaqudgha
Makhleb
Nemelex Xobeh
Okawaru
Qazlal
Ru
Sif Muna
Trog
Uskayaw
Vehumet
Wu Jian
Xom
Yredelemnul
Zin
The Shining One

Shops:
D:6 (   Orc:2 *([=

Annotations:
Orc:2 exclusion: 4 orange crystal statues


Innate Abilities, Weirdness & Mutations

You cannot wear most types of armour.
You are very stealthy in the water. (Stealth+)
You are amphibious.
You can wear up to eight rings at the same time.
You can use your tentacles to constrict eight enemies at once.
Your skin changes colour to match your surroundings (Stealth+).
Your rubbery body absorbs attacks. (AC +1, EV +1)


Message History

The orange crystal statue glitters.
The orc shouts!
The orc wizard gestures wildly while chanting.
The orc wizard seems to speed up.
The smoke demon gestures at you. The sticky flame hits you!
You are covered in liquid flames!
You're too confused to move!
You are covered in liquid flames!
The orc priest casts a cantrip, but nothing happens.
You are covered in liquid flames!
The troll closely misses you. The troll barely misses you. The troll claws you!
The ogre closely misses you.
You puncture the troll!
The troll is poisoned.
The troll is lightly wounded.
You are covered in liquid flames!
The smoke demon hits you. The smoke demon closely misses you.
The smoke demon hits you.
The orc high priest utters an invocation to Beogh.
You're too confused to move!
You are covered in liquid flames!
The troll misses you. The troll claws you! The troll claws you.
* * * LOW HITPOINT WARNING * * *
The orc warrior barely misses you. The orc warrior closely misses you.
The ogre misses you.
You are covered in liquid flames!
* * * LOW HITPOINT WARNING * * *
The ice devil disappears in a puff of smoke!
The smoke demon completely misses you. The smoke demon hits you.
* * * LOW HITPOINT WARNING * * *
The smoke demon hits you.
* * * LOW HITPOINT WARNING * * *
The orc warrior hits you with a +0 dire flail.
* * * LOW HITPOINT WARNING * * *
You're too confused to move!
You are covered in liquid flames!
* * * LOW HITPOINT WARNING * * *
The smoke demon misses you. x2; The smoke demon barely misses you.
Really quaff
j - 5 potions of curing {!q}?
You feel better.
You are covered in liquid flames!
Your extra speed is starting to run out.
The troll bites you!
* * * LOW HITPOINT WARNING * * *
The troll misses you. You block the troll's attack.
You block the orc warrior's attack. The smoke demon gestures at you.
The sticky flame misses you.
The orc priest invokes the aid of Beogh against you.
Beogh smites you!
* * * LOW HITPOINT WARNING * * *
The orc wizard casts a spell.
The orc wizard blinks!
The orc wizard mumbles some strange words.
The orc wizard blinks!
The smoke demon gestures at you. Beogh smites you!
* * * LOW HITPOINT WARNING * * *
Things that are here:
a cursed -2 robe; a +0 dagger The orc wizard gestures at you while chanting.
The magic dart hits you!
You die...
Your body crumbles into a pile of gold.

####..#........##
##....#..P..PPP...
##..........^..P...
#..........P....P..
###..................
##..........P.P[.∩...P
#..§..(..............P
#####....[(...........8...
##.#......@.).#........P..P
#........[[#####.......P...
##.#........o##T...........
#####........3Oo..........
####.###.o.....§oo.o.....#.#.
##.#...#)#........o.o......#..
#...#.#..........####'####.#..
####........[P.....#8...oo8#....
##..#.......P..[....#o#...#.#...#


You could see an orc wizard.

Vanquished Creatures
  An orc warlord (Orc:1)
  A stone giant (Orc:1)
  A white draconian (IceCv)
  Erolcha (D:9)
  A hydra (D:11)
  4 orc high priests
  7 orc knights
  7 orc sorcerers
  Maurice (D:9)
  Joseph (D:9)
  2 ice statues (IceCv)
  9 trolls
  11 polar bears (IceCv)
  A hornet (D:11)
  Prince Ribbit (D:9)
  A hippogriff (D:9)
  A meliai zombie (D:10)
  Sigmund (D:3)
  A shadow (D:11)
  A wyvern (D:11)
  23 yaks
  A hungry ghost (D:7)
  6 wargs
  Menkaure (Ossuary)
  2 water moccasins
  3 porcupines (D:8)
  8 sky beasts
  41 orc warriors
  4 ice beasts
  An eye of draining (D:9)
  A necrophage (D:7)
  14 ogres
  3 black bears
  3 phantoms
  10 wolves (IceCv)
  5 centaurs
  A crocodile (D:9)
  A big kobold (D:9)
  12 bullfrogs
  A water moccasin zombie (D:3)
  4 scorpions
  15 killer bees
  8 wights
  2 howler monkeys
  9 crimson imps
  2 bullfrog zombies
  5 hounds
  11 orc priests
  A jelly (D:6)
  Jessica (D:2)
  Ijyb (D:5)
  Terence (D:2)
  3 iguanas
  20 orc wizards
  8 worker ants
  A hound zombie (D:7)
  A hound skeleton (D:4)
  3 mummies (Ossuary)
  2 worker ant zombies
  9 gnolls
  17 adders
  3 shadow imps
  12 white imps (D:11)
  An ooze (D:5)
  2 adder skeletons (D:4)
  2 worms (D:2)
  A dart slug (D:2)
  5 leopard geckos
  82 orcs
  4 bat zombies (D:2)
  5 giant cockroaches
  4 gnoll zombies (Ossuary)
  4 goblins
  9 hobgoblins
  10 jackals
  3 quokkas
  5 ball pythons
  4 bats
  3 frilled lizards
  A giant cockroach zombie (D:5)
  3 gnoll skeletons (Ossuary)
  3 goblin skeletons (Ossuary)
  6 goblin zombies (Ossuary)
  4 hobgoblin skeletons (Ossuary)
  2 hobgoblin zombies (Ossuary)
  A jackal skeleton (D:8)
  7 kobolds
  4 kobold skeletons (Ossuary)
  6 kobold zombies (Ossuary)
  5 orc skeletons (Ossuary)
  4 orc zombies (Ossuary)
  A quokka skeleton (D:5)
  7 rats
  5 rat skeletons (Ossuary)
  4 rat zombies
  A fungus (D:8)
  A plant (D:2)
543 creatures vanquished.

Vanquished Creatures (others)
  A bullfrog skeleton (D:7)
  A hobgoblin skeleton (Ossuary)
  10 fungi
  5 plants
17 creatures vanquished.

Grand Total: 560 creatures vanquished

Notes
Turn   | Place    | Note
-------+----------+-------------------------------------------
     0 | D:1      | Amnesiac the Octopode Fighter began the quest for the Orb.
     0 | D:1      | Reached XP level 1. HP: 16/16 MP: 1/1
   330 | D:1      | Reached XP level 2. HP: 18/21 MP: 2/2
   558 | D:1      | Reached skill level 3 in Polearms
  1236 | D:2      | Reached XP level 3. HP: 21/26 MP: 3/3
  1319 | D:2      | Reached skill level 4 in Polearms
  1326 | D:2      | Noticed Terence
  1599 | D:2      | Killed Terence
  1599 | D:2      | Reached XP level 4. HP: 28/31 MP: 4/4
  1718 | D:2      | Noticed Jessica
  1721 | D:2      | Killed Jessica
  1851 | D:2      | Reached skill level 5 in Polearms
  1907 | D:2      | Reached XP level 5. HP: 36/36 MP: 5/5
  1937 | D:2      | Found an ancient bone altar of Kikubaaqudgha.
  2230 | D:3      | Noticed Sigmund
  2275 | D:3      | Killed Sigmund
  2275 | D:3      | Reached skill level 6 in Polearms
  2275 | D:3      | Reached XP level 6. HP: 35/42 MP: 6/6
  2594 | D:3      | Reached skill level 7 in Polearms
  2749 | D:4      | Reached XP level 7. HP: 46/46 MP: 7/7
  2772 | D:4      | Found a radiant altar of Vehumet.
  3109 | D:4      | Reached skill level 8 in Polearms
  3655 | D:5      | Entered Level 5 of the Dungeon
  3655 | D:5      | Noticed Ijyb
  3852 | D:5      | Reached skill level 9 in Polearms
  3852 | D:5      | Reached XP level 8. HP: 52/52 MP: 8/8
  3868 | D:5      | Found a sacrificial altar of Ru.
  3868 | D:5      | Found a shimmering altar of Xom.
  3869 | D:5      | Found a blossoming altar of Fedhas.
  4265 | D:5      | Found a sparkling altar of Nemelex Xobeh.
  4275 | D:5      | Killed Ijyb
  4292 | D:5      | Reached skill level 10 in Polearms
  4509 | D:5      | Found a large runed door.
  4511 | D:5      | Found a large runed door.
  4520 | D:5      | Found a large runed door.
  4520 | D:5      | Found a large runed door.
  4586 | D:5      | Noticed a yak
  4598 | D:5      | Killed a yak
  4598 | D:5      | Reached skill level 11 in Polearms
  4658 | D:5      | Reached XP level 9. HP: 56/56 MP: 9/9
  5165 | D:6      | Reached skill level 12 in Polearms
  5172 | D:6      | Found a sand-covered staircase.
  5249 | D:6      | Found Exaocott's Antique Weapon Boutique.
  5394 | D:6      | You fall through a shaft for 2 floors!
  5394 | D:8      | Found a staircase to the Lair.
  5452 | D:7      | Reached skill level 13 in Polearms
  5572 | Ossuary  | Entered an ossuary
  5951 | Ossuary  | Noticed Menkaure
  5956 | Ossuary  | Killed Menkaure
  6048 | D:6      | Reached XP level 10. HP: 49/63 MP: 10/10
  6159 | D:6      | Found a staircase to the Ecumenical Temple.
  6168 | D:6      | Found a shadowy altar of Dithmenos.
  6250 | Temple   | Entered the Ecumenical Temple
  6295 | Temple   | Became a worshipper of Gozag Ym Sagoz the Greedy
  6663 | D:7      | Reached skill level 14 in Polearms
  6679 | D:7      | Got a fine dagger
  6992 | D:7      | Found a burning altar of Makhleb.
  7365 | D:8      | Found a bloodstained altar of Trog.
  7376 | D:8      | Reached skill level 1 in Evocations
  7639 | D:8      | You fall through a shaft for 2 floors!
  7639 | D:10     | Entered Level 10 of the Dungeon
  8033 | D:9      | Found a sacrificial altar of Ru.
  8067 | D:9      | Noticed Prince Ribbit
  8096 | D:9      | Killed Prince Ribbit
  8096 | D:9      | Reached XP level 11. HP: 31/70 MP: 13/13
  8282 | D:9      | Reached skill level 5 in Dodging
  8282 | D:9      | Reached skill level 5 in Shields
  8335 | D:9      | Reached skill level 5 in Fighting
  9680 | D:9      | Found a deep blue altar of Sif Muna.
  9728 | D:9      | Noticed Maurice
  9743 | D:9      | Killed Maurice
  9743 | D:9      | Reached skill level 5 in Evocations
  9751 | D:9      | Noticed Joseph
  9774 | D:9      | Killed Joseph
  9905 | D:9      | Noticed Erolcha
  9916 | D:9      | Killed Erolcha
  9981 | D:10     | Found a staircase to the Orcish Mines.
 10295 | D:10     | Found a bloodstained altar of Trog.
 10752 | D:11     | Noticed a six-headed hydra
 10868 | D:11     | Found a frozen archway.
 11044 | IceCv    | Entered an ice cave
 11137 | IceCv    | Reached XP level 12. HP: 51/81 MP: 15/15
 12041 | IceCv    | Noticed a white draconian
 12098 | IceCv    | Killed a white draconian
 14294 | D:11     | Killed a six-headed hydra
 14474 | D:11     | Noticed a six-headed hydra
 14692 | Orc:1    | Entered Level 1 of the Orcish Mines
 14695 | Orc:1    | Noticed an orc high priest
 14726 | D:10     | HP: 3/84 [orc warrior/+0 trident[an orc high priest] (24)]
 15177 | Orc:1    | Killed an orc high priest
 15184 | Orc:1    | Noticed a stone giant
 15426 | Orc:1    | Reached XP level 13. HP: 79/90 MP: 16/16
 15584 | Orc:1    | Killed a stone giant
 15841 | Orc:2    | Entered Level 2 of the Orcish Mines
 15841 | Orc:2    | Found Jityir's General Store.
 16076 | Orc:2    | Found Qotyod's Antique Weapon Emporium.
 16294 | Orc:2    | Noticed an orc warlord
 16915 | Orc:1    | Reached skill level 10 in Shields
 17338 | Orc:1    | Reached skill level 10 in Fighting
 17338 | Orc:1    | Reached skill level 10 in Dodging
 17777 | Orc:1    | Killed an orc warlord
 18930 | Orc:2    | Found a runed door.
 19132 | Orc:2    | Found Boosmy's Jewellery Shop.
 19182 | Orc:2    | Found the +10 large shield of Ignorance {rN+ Int-4}
 19245 | Orc:2    | Reached skill level 1 in Short Blades
 19661 | Orc:2    | Bought a scroll of enchant armour for 127 gold pieces
 19661 | Orc:2    | Bought a wand of iceblast (5) for 153 gold pieces
 19733 | Orc:2    | Found a staircase to the Elven Halls.
 20069 | Orc:2    | Found a runed door.
 20074 | Orc:2    | Found Uciun's Antique Armour Shop.
 20476 | Orc:2    | Learned a level 2 spell: Blink
 20480 | Orc:2    | Learned a level 3 spell: Conjure Flame
 20484 | Orc:2    | Learned a level 3 spell: Mephitic Cloud
 20564 | Orc:2    | Killed from afar by an orc wizard

Vault maps used:
D:1:      dpeg_arrival_arbitrary_c, amethyst_killhole, minmay_misc_feat_plants
D:2:      cheibrodos_old_hovel, lemuel_zombie_altar_kikubaaqudgha,
          minmay_misc_feat_nine_boxes, minmay_splitting_lines, uniq_terence,
          uniq_jessica
D:3:      uniq_sigmund
D:4:      lemuel_crystal_altar
D:5:      nemelex_xobeh_ov_fountains_minmay, gammafunk_temple_overflow_claw,
          first_ration, minmay_hollow_rounded_squares, uniq_ijyb
D:6:      nicolae_dithmenos_through_a_glass_darkly,
          minmay_temple_entry_statues_pillars, nicolae_ossuary_entry_monument,
          serial_shops, shop_statue, hangedman_decor_clover_reticule
D:7:      kennysheep_little_box, grunt_ogre_cave
D:8:      due_lair_maze_entry_diamond, basic_altar
D:9:      led_sif_pool, basic_altar, uniq_maurice, uniq_joseph,
          uniq_prince_ribbit1, uniq_erolcha
D:10:     david_orc_1_choice, bloody_trog
D:11:     maelrawn_ghost_gauntlet_escape, portal_ice_cave_entry_imps,
          introduction_to_nature_2
Temple:   nicolae_temple_god_jail
Orc:2:    grunt_orc_gardens, grunt_orc_garden, grunt_orc_garden,
          grunt_orc_garden, grunt_orc_garden, chequers_guarded_unrand_ignorance
Ossuary:  ossuary_due_pyramid
IceCv:    ice_cave_small_giant

Skill      XL: |  1  2  3  4  5  6  7  8  9 10 11 12 13 |
---------------+----------------------------------------+-----
Polearms       | 3 4 5 6 7 9 11 13 14 | 14.0
Evocations     | 3 5 |  5.0
Dodging        | 4 7 9 10 | 10.6
Shields        | 4 7 9 10 | 10.7
Fighting       | 4 7 9 10 | 10.6
Short Blades   | 4 |  4.7

Action                   |  1- 3 |  4- 6 |  7- 9 | 10-12 | 13-15 || total
-------------------------+-------+-------+-------+-------+-------++-------
Melee: Trident           |    78 |   102 |   324 |   969 |   455 ||  1928
       Constrict         |    12 |    23 |    57 |   108 |    71 ||   271
       Tentacles         |     8 |    28 |    60 |   234 |   114 ||   444
Invok: Potion Petition   |       |       |       |     1 |       ||     1
Evoke: Wand              |       |       |     3 |    12 |     2 ||    17
       Lamp of fire      |       |       |       |     1 |       ||     1
       Phial of floods   |       |       |       |     1 |       ||     1
  Use: Scroll            |       |       |     5 |    18 |     2 ||    25
       Potion            |       |       |       |     9 |     3 ||    12
 Stab: Sleeping          |     6 |       |     4 |    13 |     1 ||    24
       Paralysed         |       |       |     7 |       |       ||     7
       Distracted        |       |       |     3 |     9 |     2 ||    14
       Invisible         |       |       |       |     7 |       ||     7
       Confused          |       |       |       |     2 |       ||     2
  Eat: Chunk             |     2 |     4 |     9 |     3 |       ||    18
       Ration            |       |       |       |    10 |     4 ||    14
Armor: Skin              |     3 |     8 |    27 |    42 |     7 ||    87
Dodge: Dodged            |    25 |    31 |    67 |   268 |   184 ||   575
Block: Shield            |    31 |    23 |    50 |   295 |   212 ||   611

Table legend:
 A = Non-vault XP
 B = Vault XP
 C = Vault XP percentage of total XP
 D = Non-vault monster count
 E = Vault monster count
 F = Vault count percentage of total count
                 A         B        C        D         E       F
            +---------+---------+-------+---------+---------+-------
      Total |   26412 |   25810 |  49.4 |     365 |     170 |  31.8
            +---------+---------+-------+---------+---------+-------
        D:1 |      26 |       0 |   0.0 |      17 |       0 |   0.0
        D:2 |      74 |      84 |  53.2 |      17 |       8 |  32.0
        D:3 |     154 |     223 |  59.2 |      14 |       1 |   6.7
        D:4 |     753 |       0 |   0.0 |      27 |       0 |   0.0
        D:5 |     662 |     955 |  59.1 |      24 |      10 |  29.4
        D:6 |    1209 |       0 |   0.0 |      23 |       0 |   0.0
        D:7 |     886 |     218 |  19.7 |      15 |       2 |  11.8
        D:8 |    1536 |     963 |  38.5 |      26 |       7 |  21.2
        D:9 |    2344 |    2235 |  48.8 |      35 |       4 |  10.3
       D:10 |    4543 |     665 |  12.8 |      50 |       9 |  15.3
       D:11 |    1822 |     446 |  19.7 |      10 |      19 |  65.5
      Orc:1 |    9213 |    7820 |  45.9 |      69 |      17 |  19.8
      Orc:2 |    3190 |    3019 |  48.6 |      38 |      10 |  20.8
    Ossuary |       0 |     256 | 100.0 |       0 |      47 | 100.0
      IceCv |       0 |    8926 | 100.0 |       0 |      36 | 100.0
            +---------+---------+-------+---------+---------+-------
